 Dungeon Crawl Stone Soup version 0.13-a0-3110-gf6e36dc (webtiles) character file.

398 PolkaDot the Sneak (level 6, -5/44 HPs)
             Began as a Vampire Assassin on Sept 20, 2013.
             Was a Believer of Makhleb.
             Killed by divine providence
             ... invoked by an orc priest
              (16 damage)
             ... on Level 4 of the Dungeon.
             The game lasted 00:11:46 (2685 turns).

PolkaDot the Sneak (Vampire Assassin)               Turns: 2685, Time: 00:11:46

HP  -5/44        AC  8     Str 10      XL: 6   Next:  3%
MP   6/6         EV 12     Int 13      God: Makhleb [**....]
Gold 125         SH  0     Dex 17      Spells:  0 memorised,  5 levels left

Res.Fire  : . . .   See Invis. : +   a - +3,+2 dagger {=f}
Res.Cold  : + . .   Warding    : .   q - +1 troll leather armour
Life Prot.: + + .   Conserve   : .   (no shield)
Res.Poison: +       Res.Corr.  : .   (no helmet)
Res.Elec. : .       Clarity    : .   y - +0 cloak
Sust.Abil.: . .     Spirit.Shd : .   o - +0 pair of gauntlets
Res.Mut.  : .       Stasis     : .   u - +0 pair of boots
Res.Rott. : +       Flight     : .   (no amulet)
Saprovore : . . .                    (no ring)
                                     (no ring)

@: regenerating slowly, slightly resistant to hostile enchantments, very
stealthy
A: bottle blood, fangs 3, see invisible, unbreathing
a: Bat Form, Bottle Blood, Minor Destruction, Renounce Religion


You were on level 4 of the Dungeon.
You worshipped Makhleb.
Makhleb was most pleased with you.
You were very thirsty.

You visited 1 branch of the dungeon, and saw 4 of its levels.

You collected 75 gold pieces.

Inventory:

Hand weapons
 a - a +3,+2 dagger (weapon) {=f}
 b - a +0 blowgun
Missiles
 e - 7 poisoned needles
 f - 2 curare-tipped needles
Armour
 o - a +0 pair of gauntlets (worn)
 q - a +1 troll leather armour (worn)
 u - a +0 pair of boots (worn)
 y - a +0 cloak (worn)
Magical devices
 d - a wand of polymorph (0)
Scrolls
 c - 2 scrolls of recharging {unknown}
 i - a scroll of teleportation {unknown}
 j - 3 scrolls of random uselessness
 k - a scroll of enchant weapon I
 p - 2 scrolls of amnesia {unknown}
 s - a scroll of fog {unknown}
 t - 2 scrolls of remove curse {unknown}
 w - 2 scrolls of fear {unknown}
Potions
 h - a potion of magic
 l - 2 potions of heal wounds
 r - 3 potions of curing
 v - a potion of confusion


   Skills:
 - Level 2.2 Fighting
 - Level 2.6 Short Blades
 - Level 1.5 Throwing
 + Level 3.0 Armour
 + Level 3.1 Dodging
 * Level 7.4 Stealth


You had 5 spell levels left.
You didn't know any spells.

Dungeon Overview and Level Annotations

Branches:
Dungeon (4/27)             Temple (0/1) D:4

Altars:
Makhleb
Trog

Annotations:
D:4 Grinder


Innate Abilities, Weirdness & Mutations

You heal slowly.
You can bottle blood from corpses.
You have razor-sharp teeth.*
You have supernaturally acute eyesight.
You can survive without breathing.*


Message History

The bat is heavily wounded.
The bat hits you but does no damage.
An orc comes into view.
An orc priest comes into view. It is wielding an orcish mace.
The bat hits you but does no damage.
The orc wizard gestures at you while chanting.
The magic dart hits you!
You hit the bat.
You kill the bat!
Makhleb accepts your kill.
You can now harness Makhleb's destructive might.
You feel a little better. The orc wizard casts a spell at you. You resist.
The orc wizard gestures at you while chanting.
The magic dart hits you!
* * * LOW HITPOINT WARNING * * *
The orc priest mumbles some strange prayers to Beogh against you.
Something smites you!
You die...

...## .....#### .........
.........######
................
................
...oo............
..o.o........# #.#####@....#
#.....# #.....# #.....#
⌠####.....# ... >.#.......##
....# ⌠####....########..
.....# #..#...........
.....###########.###########.#


You could see an orc priest, an orc wizard and 2 orcs.

Vanquished Creatures
  2 hounds
  Crazy Yiuf (D:3)
  An iguana (D:4)
  A worker ant (D:4)
  Terence (D:3)
  5 adders
  A worm (D:4)
  5 giant geckos
  2 orcs
  9 bats
  4 hobgoblins
  8 jackals
  2 quokkas (D:3)
  A ball python (D:2)
  4 giant cockroaches (D:1)
  6 giant newts
  7 goblins
  A goblin skeleton (D:4)
  4 kobolds
  5 rats
  A fungus (D:3)
71 creatures vanquished.

Notes
Turn   | Place    | Note
--------------------------------------------------------------
     0 | D:1      | PolkaDot, the Vampire Assassin, began the quest for the Orb.
     0 | D:1      | Reached XP level 1. HP: 15/15 MP: 1/1
   126 | D:1      | Reached XP level 2. HP: 21/21 MP: 2/2
   130 | D:1      | Reached skill level 6 in Stealth
   724 | D:1      | Reached XP level 3. HP: 26/26 MP: 3/3
   963 | D:2      | Found a burning altar of Makhleb.
   979 | D:2      | Reached skill level 1 in Armour
   979 | D:2      | Reached XP level 4. HP: 16/33 MP: 4/4
   985 | D:2      | Became a worshipper of Makhleb the Destroyer
  1581 | D:3      | Noticed Terence
  1696 | D:3      | Noticed Crazy Yiuf
  1700 | D:3      | Killed Crazy Yiuf
  1700 | D:3      | Reached skill level 7 in Stealth
  1700 | D:3      | Reached XP level 5. HP: 38/38 MP: 5/5
  1869 | D:3      | Killed Terence
  1869 | D:3      | Acquired Makhleb's first power
  2009 | D:3      | Noticed a moth of wrath
  2011 | D:3      | Found a bloodstained altar of Trog.
  2480 | D:4      | Noticed Grinder
  2488 | D:4      | Noticed Grinder
  2488 | D:4      | Grinder changed into Grinder the neqoxec
  2489 | D:4      | Noticed Grinder
  2489 | D:4      | Grinder the neqoxec changed into Grinder the smoke demon
  2491 | D:4      | Noticed Grinder
  2491 | D:4      | Grinder the smoke demon changed into Grinder the neqoxec
  2667 | D:4      | Reached XP level 6. HP: 18/44 MP: 6/6
  2673 | D:4      | Found a staircase to the Ecumenical Temple.
  2684 | D:4      | Acquired Makhleb's second power
  2685 | D:4      | Killed from afar by an orc priest

Action                   |  1- 3 |  4- 6 || total
-------------------------+-------+-------++-------
Melee: Dagger            |    99 |   193 ||   292
 Fire: Blowgun           |       |    12 ||    12
 Abil: End Transformatio |       |     1 ||     1
       Bat Form          |       |     1 ||     1
Evoke: Wand              |       |     6 ||     6
  Use: Scroll            |       |     4 ||     4
       Potion            |       |     6 ||     6
 Stab: Sleeping          |     6 |    14 ||    20
